 Dungeon Crawl Stone Soup version 0.20.0-15-g7f486f2 (webtiles) character file.

9146 maniacrov the Fighter (level 11, -4/101 HPs)
             Began as a Minotaur Berserker on June 19, 2017.
             Was a High Priest of Trog.
             Slain by an unseen horror (6 damage)
             ... on level 10 of the Dungeon on June 20, 2017.
             The game lasted 00:48:53 (9021 turns).

maniacrov the Fighter (Minotaur Berserker)          Turns: 9021, Time: 00:48:54

Health: -4/101     AC: 19    Str: 28    XL:     11   Next: 19%
Magic:  8/8        EV:  9    Int:  6    God:    Trog [*****.]
Gold:   328        SH: 12    Dex: 11    Spells: 10/10 levels left

rFire    + . .     SeeInvis .   n - +8 rapier "Ukyefor" {flame, rF+ rC+ rN++ Str+4}
rCold    + . .     Gourm    .   v - +0 shield
rNeg     + + +     Faith    .   t - +0 plate armour
rPois    .         Spirit   .   (helmet restricted)
rElec    .         Reflect  .   u - +0 cloak
rCorr    .         Harm     .   J - +0 pair of gloves
MR       .....                  E - +0 pair of boots (curse)
Stlth    ..........             (no amulet)
Regen    0.3/turn               r - ring of positive energy
MPRegen  0.2/turn               (no ring)

@: no status effects
A: retaliatory headbutt, horns 2, clever 1, low mp 1, sense surroundings 1
a: Berserk, Trog's Hand, Brothers in Arms, Burn Spellbooks, Renounce Religion


You were on level 10 of the Dungeon.
You worshipped Trog.
Trog was extremely pleased with you.
You were near starving.

You visited 1 branch of the dungeon, and saw 10 of its levels.
You also visited: Sewer and Ossuary.

You collected 422 gold pieces.
You spent 94 gold pieces at shops.

Inventory:

Hand Weapons
 e - a +4 falchion of venom
 n - the +8 rapier "Ukyefor" (weapon) {flame, rF+ rC+ rN++ Str+4}
   (Trog gifted it to you on level 9 of the Dungeon)

   It has been specially enchanted to burn those struck by it, causing extra
   injury to most foes and up to half again as much damage against particularly
   susceptible opponents.
   It affects your strength (+4).
   It protects you from fire.
   It protects you from cold.
   It greatly protects you from negative energy.
 y - a +0 falchion of holy wrath
 G - a +0 war axe of freezing
Armour
 t - a +0 plate armour (worn)
 u - a +0 cloak (worn)
 v - a +0 shield (worn)
 E - a cursed +0 pair of boots (worn)
 J - a +0 pair of gloves (worn)
Jewellery
 a - an uncursed ring of protection from cold {unknown}
 o - a +5 ring of strength {unknown}
 r - a ring of positive energy (left hand)
 N - an uncursed ring of see invisible {unknown}
Wands
 B - a wand of enslavement (3/24)
 D - a wand of flame (24/48)
 K - a wand of disintegration (4/24)
Scrolls
 b - 3 scrolls of enchant armour
 d - 3 scrolls of immolation
 f - 4 scrolls of fog
 h - 4 scrolls of recharging
 k - 3 scrolls of magic mapping
 l - 4 scrolls of teleportation
 p - a scroll of silence {unknown}
 q - 5 scrolls of remove curse
 s - a scroll of acquirement {unknown}
 z - a scroll of blinking
 M - a scroll of fear {unknown}
 O - a scroll of brand weapon {unknown}
Potions
 g - 2 potions of flight
 i - 5 potions of curing
 w - 2 potions of haste
 A - 3 potions of brilliance
 C - a potion of magic
 I - a potion of invisibility
 L - a potion of cancellation {unknown}
Miscellaneous
 F - a phantom mirror
Comestibles
 c - 5 bread rations
 j - 3 meat rations
 x - 20 royal jellies
 H - 2 fruits


   Skills:
 * Level 10.7 Fighting
 * Level 9.5 Long Blades
 - Level 5.0 Axes
 * Level 10.4 Armour
 + Level 7.0 Dodging
 * Level 8.6 Shields


You had 10 spell levels left.
You didn't know any spells.

Dungeon Overview and Level Annotations

Branches:
Dungeon (10/15)            Temple (0/1) D:5
   Lair: D:8-11         Orc: D:9-12

Altars:
Ashenzari
Dithmenos
Kikubaaqudgha
Okawaru
Sif Muna
Vehumet
Xom

Shops:
D:6 [


Innate Abilities, Weirdness & Mutations

You reflexively headbutt those who attack you in melee.
You have a pair of horns on your head.
Your mind is acute. (Int +2)
Your magical capacity is low. (-10% MP)
You passively map a small area around you.


Message History

Something hits you but does no damage.
Things that are here:
a club; 4 stones Something hits you but does no damage.
You block something's attack. Something hits you but does no damage.
Something hits you but does no damage. Something hits you.
* * * LOW HITPOINT WARNING * * *
Something hits you but does no damage. You block something's attack.
Something hits you!
* * * LOW HITPOINT WARNING * * *
You closely miss something. Something hits you but does no damage.
Something hits you but does no damage. Something hits you but does no damage.
Something hits you.
* * * LOW HITPOINT WARNING * * *
Something hits you but does no damage. Something hits you but does no damage.
Something hits you.
You die...

#.........<.+
#...........#
#...#'#####...
#...#.....#...#,
#...#.....#...P
, #...#.....#,
.. #...'.....#
#...#.....PP. ,,
#†@)######....
#()(.......... ,
####....).....
#.......P..
#..>..P... ,,,
#.....P...
#.....#...
#.....#...
#.....#,.P


There were no monsters in sight!

Vanquished Creatures
  2 two-headed ogres
  Joseph (D:7)
  Psyche (D:9)
  A gargoyle (D:7)
  A queen bee (D:9)
  A wraith (D:8)
  2 wyverns
  2 basilisks (D:10)
  9 yaks
  2 hogs (D:7)
  A human (D:7)
  A hungry ghost (D:7)
  2 porcupines (D:10)
  4 sky beasts
  2 orc warriors (D:8)
  3 ice beasts
  3 ogres
  A centaur (D:8)
  2 crocodiles (D:10)
  2 big kobolds
  A wyvern zombie (D:3)
  A bullfrog (D:9)
  3 scorpions
  25 killer bees (D:9)
  2 electric eels (D:8)
  A howler monkey (D:8)
  2 crimson imps
  A quasit (D:9)
  4 hounds
  A bullfrog skeleton (D:5)
  An orc priest (D:8)
  8 iguanas
  4 worker ants
  4 orc wizards
  5 big kobold zombies (Ossuary)
  A mummy (Ossuary)
  2 worker ant zombies
  7 adders
  A river rat (Sewer)
  2 shadow imps (D:6)
  3 oozes
  An adder skeleton (D:4)
  6 leopard geckos
  30 orcs
  4 spectral bats (Ossuary)
  4 ball pythons
  9 bats
  3 giant cockroaches
  8 goblins
  11 hobgoblins
  15 jackals
  6 quokkas
  3 bat simulacra (Ossuary)
  6 frilled lizards
  7 gnoll zombies (Ossuary)
  3 goblin simulacra (Ossuary)
  4 goblin zombies (Ossuary)
  5 hobgoblin zombies (Ossuary)
  A jackal zombie (D:6)
  12 kobolds
  3 kobold simulacra (Ossuary)
  6 kobold zombies (Ossuary)
  A leopard gecko zombie (D:6)
  2 orc zombies (Ossuary)
  13 rats
  4 rat simulacra (Ossuary)
  5 spectral goblins (Ossuary)
  3 spectral kobolds (Ossuary)
  7 spectral rats (Ossuary)
304 creatures vanquished.

Vanquished Creatures (others)
  A kobold zombie (Ossuary)
1 creature vanquished.

Grand Total: 305 creatures vanquished

Notes
Turn   | Place    | Note
-------+----------+-------------------------------------------
     0 | D:1      | maniacrov the Minotaur Berserker began the quest for the Orb.
     0 | D:1      | Reached XP level 1. HP: 19/19 MP: 0/0
   247 | D:1      | Reached XP level 2. HP: 22/27 MP: 1/1
   322 | D:1      | You fall through a shaft!
   414 | D:2      | Reached XP level 3. HP: 32/33 MP: 2/2
   582 | D:1      | Gained mutation: You passively map a small area around you. [potion of mutation]
   582 | D:1      | Gained mutation: Your magical capacity is low. (-10% MP) [potion of mutation]
   582 | D:1      | Gained mutation: Your mind is acute. (Int +2) [potion of mutation]
   825 | D:1      | Reached ** piety under Trog
  1227 | D:2      | Found a shattered altar of Ashenzari.
  1235 | D:2      | Found an ancient bone altar of Kikubaaqudgha.
  1237 | D:2      | Found an iron altar of Okawaru.
  1370 | D:2      | Reached XP level 4. HP: 33/41 MP: 2/2
  1442 | D:2      | Found a deep blue altar of Sif Muna.
  1466 | D:2      | Found a shimmering altar of Xom.
  1472 | D:2      | Found a shimmering altar of Xom.
  1472 | D:2      | Found a shimmering altar of Xom.
  1486 | D:2      | Found a shimmering altar of Xom.
  1486 | D:2      | Found a shimmering altar of Xom.
  1486 | D:2      | Found a shimmering altar of Xom.
  2231 | D:3      | Reached skill level 5 in Axes
  2231 | D:3      | Reached XP level 5. HP: 18/47 MP: 3/3
  2777 | D:4      | Reached skill level 5 in Fighting
  2804 | D:4      | Reached skill level 1 in Long Blades
  2886 | D:4      | Reached XP level 6. HP: 35/56 MP: 4/4
  3096 | D:4      | Found a radiant altar of Vehumet.
  3736 | D:5      | Entered Level 5 of the Dungeon
  3796 | D:5      | Found a glowing drain.
  3801 | D:5      | Reached *** piety under Trog
  3827 | D:5      | Reached skill level 5 in Armour
  3848 | Sewer    | Entered a sewer
  3919 | Sewer    | Reached XP level 7. HP: 63/63 MP: 5/5
  3961 | Sewer    | Found a white marble altar of Elyvilon.
  4362 | D:5      | Found a staircase to the Ecumenical Temple.
  4421 | D:6      | Found Hepunaojidgh's Antique Armour Shoppe.
  4498 | D:6      | Reached **** piety under Trog
  4511 | D:6      | Found a sand-covered staircase.
  4533 | Ossuary  | Entered an ossuary
  5066 | D:6      | Bought a shield for 94 gold pieces
  5320 | D:6      | Reached XP level 8. HP: 53/71 MP: 6/6
  5365 | D:6      | Reached skill level 1 in Shields
  5621 | D:7      | Reached ***** piety under Trog
  5669 | D:7      | Reached skill level 5 in Long Blades
  5727 | D:7      | Noticed a gargoyle
  5737 | D:7      | Killed a gargoyle
  5737 | D:7      | Reached skill level 5 in Dodging
  5864 | D:7      | Reached XP level 9. HP: 61/81 MP: 7/7
  6005 | D:7      | Noticed Joseph
  6033 | D:7      | Killed Joseph
  6033 | D:7      | Reached skill level 5 in Shields
  6229 | D:8      | Found a transporter.
  6243 | D:8      | Found a transporter.
  6426 | D:8      | Noticed a two-headed ogre
  6437 | D:8      | Killed a two-headed ogre
  6686 | D:8      | Reached XP level 10. HP: 56/91 MP: 8/8
  7386 | D:8      | Found a shadowy altar of Dithmenos.
  7571 | D:9      | Noticed a two-headed ogre
  7573 | D:9      | Noticed Psyche
  7579 | D:9      | Killed a two-headed ogre
  7579 | D:9      | Reached skill level 10 in Fighting
  7594 | D:9      | Killed Psyche
  8325 | D:9      | Received a gift from Trog
  8338 | D:9      | Reached skill level 10 in Armour
  8484 | D:9      | Got a pitted rapier {god gift}
  8485 | D:9      | Identified the +8 rapier "Ukyefor" {flame, rF+ rC+ rN++ Str+4} (Trog gifted it to you on level 9 of the Dungeon)
  8575 | D:9      | Reached XP level 11. HP: 68/101 MP: 8/8
  8733 | D:9      | Noticed a wizard
  8734 | D:9      | Noticed a two-headed ogre
  8881 | D:10     | Entered Level 10 of the Dungeon
  9014 | D:10     | HP: 1/101 [something (8)]
  9021 | D:10     | Slain by an unseen horror

Skill      XL: |  1  2  3  4  5  6  7  8  9 10 11 |
---------------+----------------------------------+-----
Fighting       | 4 5 6 8 9 10 | 10.7
Axes           | 4 5 |  5.0
Armour         | 3 4 5 6 7 8 10 | 10.4
Dodging        | 3 4 5 6 7 |  7.0
Long Blades    | 1 3 4 5 7 9 |  9.5
Shields        | 4 6 8 |  8.6

Action                   |  1- 3 |  4- 6 |  7- 9 | 10-12 || total
-------------------------+-------+-------+-------+-------++-------
Melee: Hand axe          |    94 |    59 |       |       ||   153
       Headbutt          |    12 |    29 |    76 |    46 ||   163
       Falchion          |       |    71 |   329 |   165 ||   565
       Rapier            |       |       |       |    65 ||    65
Invok: Berserk           |       |       |     2 |     3 ||     5
       Burn Spellbooks   |       |       |     1 |       ||     1
  Use: Potion            |     2 |     3 |     5 |    11 ||    21
       Scroll            |     4 |     1 |    15 |     1 ||    21
 Stab: Invisible         |       |       |       |    10 ||    10
  Eat: Chunk             |     1 |     1 |       |       ||     2
       Royal jelly       |       |     1 |     1 |     3 ||     5
       Meat ration       |       |     1 |     2 |       ||     3
       Bread ration      |       |       |     2 |       ||     2
Armor: Leather armour    |     6 |       |       |       ||     6
       Ring mail         |    21 |    47 |       |       ||    68
       Plate armour      |       |    12 |   190 |   162 ||   364
Dodge: Dodged            |    65 |    71 |   108 |   128 ||   372
Block: Shield            |       |       |    59 |   209 ||   268
       Rpst.: Falchion   |       |     7 |    27 |    16 ||    50
